 Dungeon Crawl Stone Soup version 0.30-a0-142-g7370640ec8 (webtiles) character file.

Game seed: 9493609707072479625

72 Julmuri the Conjurer (level 4, -1/34 HPs)
             Began as a Draconian Conjurer on Sept 26, 2022.
             Slain by an ogre
             ... wielding a +0 giant club
              (14 damage)
             ... on level 3 of the Dungeon.
             The game lasted 00:10:01 (2126 turns).

Julmuri the Conjurer (Draconian Conjurer)           Turns: 2126, Time: 00:10:01

Health: -1/34      AC:  5    Str:  9    XL:     4   Next: 6%
Magic:  6/7        EV: 20    Int: 21    God:
Gold:   113        SH:  0    Dex:  9    Spells: 6/7 levels left

rFire   . . .      SeeInvis .    e - +0 dagger
rCold   . . .      Faith    .    (no shield)
rNeg    . . .      Spirit   .    (body armour unavailable)
rPois   .          Reflect  .    (helmet restricted)
rElec   .          Harm     .    (no cloak)
rCorr   .          Rampage  .    (no gloves)
Will    .....                    (no boots)
Stlth   ++........               (no amulet)
HPRegen 0.11/turn                i - +4 ring of evasion
MPRegen 0.10/turn                k - +4 ring of evasion

@: no status effects
A: AC +5, unfitting armour, cold-blooded
a: no special abilities


You were on level 3 of the Dungeon.
You visited 1 branch of the dungeon, and saw 3 of its levels.

You collected 113 gold pieces.

Inventory:

Hand Weapons
 e - a +0 dagger (weapon)
Jewellery
 i - a +4 ring of evasion (left hand)
 k - a +4 ring of evasion (right hand)
Scrolls
 a - a scroll of enchant weapon {unknown}
 c - 2 scrolls of identify {unknown}
 d - 2 scrolls of fear {unknown}
 g - 2 scrolls of silence {unknown}
 m - a scroll of brand weapon {unknown}
Potions
 b - a potion of curing
 f - a potion of degeneration {unknown}
 h - a potion of brilliance {unknown}
 j - 2 potions of might {unknown}
 l - a potion of cancellation {unknown}
 n - a potion of attraction {unknown}


   Skills:
 + Level 0.4 Fighting
 * Level 1.5 Short Blades
 + Level 2.0 Dodging
 + Level 1.8 Stealth
 + Level 2.2 Spellcasting
 + Level 4.9 Conjurations


You had 6 spell levels left.
You knew the following spells:

 Your Spells              Type           Power      Damage    Failure   Level
a - Magic Dart            Conj           92%        1d7       1%          1

Your spell library contained the following spells:

 Spells                   Type           Power      Damage    Failure   Level
 Searing Ray              Conj           46%        2d6       2%          2
 Dazzling Flash           Conj/Hex       24%        N/A       16%         3
 Fulminant Prism          Conj/Hex       6%         3d7       45%         4
 Iskenderun's Mystic Bla  Conj/Tloc      12%        2d5       45%         4


Dungeon Overview and Level Annotations

Branches:
Dungeon (3/15)

Altars:

Annotations:
D:2 Sigmund


Innate Abilities, Weirdness & Mutations

Your plain brown scales are hard. (AC +5)
You cannot fit into any form of body armour.
You are cold-blooded and may be slowed by cold attacks.


Message History

The ball python hisses angrily.
Found 13 gold pieces.
The magic dart hits the ball python!
You kill the ball python!
There is an open door here.
You now have 113 gold pieces (gained 13).
You can't see any susceptible monsters within range! (Use Z to cast anyway.)
Found a rapier.
A hobgoblin comes into view.
The magic dart hits the hobgoblin.
You kill the hobgoblin!
You can't see any susceptible monsters within range! (Use Z to cast anyway.)
Found a scroll labelled CYUJURETHRO.
You see here a +0 rapier.
An ogre comes into view. It is wielding a +0 giant club.
The magic dart hits the ogre.
The ogre is lightly wounded.
The magic dart hits the ogre.
The ogre is lightly wounded.
The magic dart hits the ogre.
The ogre is lightly wounded.
You see here a scroll labelled CYUJURETHRO.
The ogre misses you. The ogre attacks as you move away!
The ogre closely misses you.
A goblin comes into view. It is wielding a +0 club.
The goblin shouts!
The goblin moves out of view.
The magic dart hits the goblin.
You kill the goblin!
You see here a +0 club.
The ogre attacks as you move away! The ogre completely misses you.
You open the door.
The ogre hits you with a +0 giant club!!
Ouch! That really hurt!
Found a scroll labelled CYUJURETHRO.
Found a stone staircase leading down.
There is an open door here.
You close the door.
An ogre breaks down the door.
You see here a scroll labelled CYUJURETHRO.
The ogre hits you with a +0 giant club!
You die...

..........##### #..... #...##.##
.....†........####.....##...)..#
.................#.....##...####
(..............#.#.....##...#####
..)............#.# #...##........
#)#####........#.###...#.........
#.# #........#..##...#...#.....
#.# #########...##...'...######
#.## #......@......#...# ...#
#.......O.....#...# ...#
#........?..###...# ...#
#..........>........ ...#
#...........#########
...#############.....#
...##.......# #.....#
...##.......# #.....#
..###.......##########


You could see an ogre.

Vanquished Creatures
  An adder (D:3)
  A worm (D:2)
  A dart slug (D:2)
  5 orcs (D:3)
  An endoplasm (D:1)
  A giant cockroach (D:2)
  6 goblins
  7 hobgoblins
  A jackal (D:1)
  4 quokkas
  6 ball pythons
  4 bats
  A frilled lizard (D:2)
  7 kobolds
  2 rats (D:2)
48 creatures vanquished.

Notes
Turn   | Place    | Note
-------+----------+-------------------------------------------
     0 | D:1      | Julmuri the Draconian Conjurer began the quest for the Orb.
     0 | D:1      | Reached XP level 1. HP: 14/14 MP: 3/3
   237 | D:1      | Found a faded altar of an unknown god.
   351 | D:1      | Reached XP level 2. HP: 20/20 MP: 1/5
  1264 | D:2      | Identified the +9 hand axe of Integrity {vorpal, rElec
                  | rPois rF+}
  1330 | D:2      | Reached XP level 3. HP: 26/26 MP: 3/6
  1438 | D:2      | Reached skill level 1 in Short Blades
  1688 | D:2      | Noticed Sigmund
  1981 | D:3      | Reached XP level 4. HP: 28/34 MP: 1/7
  2093 | D:3      | Noticed an ogre
  2126 | D:3      | Slain by an ogre

Illustrated notes

Levels and vault maps discovered:
D:1:      heliophobic_arrival_glass_houses, layout_basic,
          hellmonk_ecumenical_altar_slurped_away, minmay_indecisive_spiral
D:2:      minmay_general_purpose_star, layout_basic, uniq_sigmund
D:3:      layout_basic, old_standard_altar

Skill      XL: |  1  2  3 |
---------------+----------+-----
Short Blades   | 1 |  1.5
Dodging        | 2 |  2.0
Fighting       | |  0.4
Stealth        | |  1.8
Spellcasting   | |  2.2
Conjurations   | |  4.9

Action                   |  1- 3 |  4- 6 || total
-------------------------+-------+-------++-------
Melee: Dagger            |    61 |       ||    61
       Tailslap          |     7 |       ||     7
 Cast: Magic Dart        |    87 |     6 ||    93
  Use: Potion            |     2 |       ||     2
Armor: Skin              |     7 |       ||     7
Dodge: Dodged            |    52 |     3 ||    55

Table legend: (Time is in decaauts)
 A = Elapsed time spent in this place.
 B = Non-inter-level travel time spent in this place.
 C = Inter-level travel time spent in this place.
 D = Time resting spent in this place.
 E = Time spent auto-exploring this place.
 F = Levels seen in this place.
 G = Mean time per level.
                   A        B        C        D        E       F      G
               +--------+--------+--------+--------+--------+-----+--------+
         Total |   2120 |   2120 |      0 |    400 |   1207 |   3 |  706.7 |
       Dungeon |   2120 |   2120 |      0 |    400 |   1207 |   3 |  706.7 |
               +--------+--------+--------+--------+--------+-----+--------+

Top non-repeatable levels by time:
     D:1: 1101 daAuts
     D:2: 602 daAuts
     D:3: 416 daAuts
